Map: Galactic Process LE

Players

BuenoClinic

  • Race: Terran Terran
  • League: Grandmaster

SortOf - Winner!

  • Race: Zerg Zerg
  • League: Grandmaster

VOD

Have the link to the VOD?

Description

Time

  • Played on: Oct. 30, 2016, 11:04 a.m.
  • Length: 14:50
Show
View Real Time Build Order
Export as new Build Order

BuenoClinic Terran 

Build Orders: Reaper Expand, MMM Bio 

Get SALT Encoding   

  12  0:01  SCV  
  13  0:13  SCV  
  14  0:18  Supply Depot  
  14  0:25  SCV  
  15  0:40  SCV, Barracks  
  16  0:44  Refinery  
  16  0:52  SCV  
  17  1:04  SCV  
  18  1:16  SCV  
  19  1:28  Orbital Command  
  19  1:29  Reaper  
  20  1:40  Command Center, Unknown  
  20  1:50  Barracks  
  20  1:54  SCV  
  20  2:01  Barracks Reactor  
  21  2:06  SCV  
  22  2:10  Supply Depot  
  22  2:18  SCV  
  22  2:20  Refinery  
  23  2:31  SCV  
  24  2:37  Factory  
  24  2:38  Barracks Tech Lab  
  24  2:39  Marine x2  
  24  2:43  SCV  
  26  2:51  Unknown  
  26  2:53  Orbital Command  
  26  2:55  SCV  
  26  2:57  Marine x3  
  30  3:04  Stimpack  
  30  3:08  SCV  
  31  3:15  Marine x3  
  31  3:18  SCV  
  35  3:21  SCV  
  35  3:26  Starport  
  36  3:28  Factory Reactor  
  36  3:35  Supply Depot, Marine x2  
  36  3:37  Marine  
  36  3:40  SCV  
  40  3:41  SCV  
  41  3:53  Marine x2  
  41  3:54  SCV, Supply Depot  
  41  3:55  SCV, Marine  
  46  4:06  SCV  
  46  4:07  SCV  
  36  4:10  Medivac x2, Factory Tech Lab  
  48  4:15  Marine, Engineering Bay  
  53  4:17  Marine  
  53  4:18  Marine  
  53  4:24  Refinery  
  55  4:28  SCV x2  
  55  4:30  Supply Depot  
  57  4:33  Marine  
  57  4:35  Marine x2  
  60  4:44  SCV  
  61  4:47  SCV  
  61  4:48  Supply Depot  
  61  4:50  Terran Infantry Weapons Level 1  
  61  4:51  Siege Tank  
  65  4:57  Marine x3  
  65  4:59  SCV x2  
  70  5:01  Supply Depot  
  70  5:04  Combat Shields  
  70  5:11  SCV x2  
  72  5:15  Marine x3  
  75  5:23  SCV  
  75  5:24  SCV  
  75  5:28  Siege Tank  
  78  5:35  SCV  
  78  5:36  SCV  
  78  5:38  Marine  
  78  5:39  Supply Depot  
  78  5:40  Marine  
  78  5:41  Marine  
  83  5:43  Command Center, Unknown  
  83  5:47  Liberator x2  
  83  5:48  SCV  
  84  5:52  SCV  
  84  5:55  Supply Depot  
  84  5:56  Marine  
  86  6:00  SCV, Marine  
  88  6:09  Barracks  
  88  6:11  Supply Depot, Refinery  
  94  6:15  Marine x2  
  94  6:18  Factory Reactor  
  96  6:20  SCV, Marine  
  98  6:30  SCV  
  98  6:32  Marine  
  99  6:33  Barracks  
  99  6:34  SCV, Barracks  
  99  6:35  Marine  
  99  6:39  Marine  
  103  6:42  SCV  
  103  6:46  SCV  
  105  6:54  SCV, Unknown  
  97  6:55  SCV  
  97  6:58  SCV  
  87  7:04  Marine  
  87  7:06  SCV  
  87  7:07  Marine  
  86  7:11  Medivac x2  
  86  7:14  SCV  
  91  7:16  Marine, Orbital Command  
  91  7:18  SCV, Factory Reactor  
  91  7:19  Marine  
  91  7:20  Marine  
  91  7:22  Marine  
  94  7:23  Liberator  
  94  7:24  Liberator  
  94  7:25  Barracks Reactor x2  
  94  7:27  SCV, Marine  
  97  7:30  SCV  
  97  7:34  Marine  
  99  7:37  Marine  
  99  7:40  Refinery  
  99  7:41  Terran Infantry Armor Level 1, Marine, Refinery  
  99  7:42  SCV, Marine  
  109  7:45  Marine  
  110  7:51  Marine  
  110  7:52  SCV x2  
  110  7:55  Supply Depot x2, Marine  
  110  7:56  Supply Depot, Widow Mine  
  110  7:57  Widow Mine  
  118  7:59  Marine  
  118  8:01  Marine x2  
  118  8:05  Marine  
  122  8:07  Marine x3  
  122  8:09  Marine  
  126  8:13  Marine  
  126  8:16  SCV  
  126  8:17  SCV, Marine  
  126  8:18  SCV  
  131  8:20  Marine  
  131  8:28  SCV  
  131  8:29  Marine  
  131  8:30  SCV, Marine, Widow Mine x2  
  131  8:31  Marine  
  131  8:32  Medivac  
  141  8:35  Marine x3  
  141  8:41  Supply Depot, Armory  
  140  8:44  SCV, Liberator  
  140  8:47  SCV  
  140  8:48  Marine x2  
  140  8:50  Medivac  
  140  8:54  Marine x3  
  139  8:56  Marine x2  
  139  8:57  Marine  
  139  9:02  Widow Mine  
  145  9:03  Marine  
  145  9:06  Marine  
  145  9:09  Engineering Bay  
  143  9:10  Supply Depot  
  143  9:11  Marine  
  143  9:12  Marine x2  
  143  9:13  Marine  
  147  9:18  Marine x2  
  147  9:20  Supply Depot  
  147  9:21  Marine x2  
  147  9:22  Supply Depot  
  151  9:25  Widow Mine  
  151  9:26  Liberator  
  151  9:28  Marine x2  
  151  9:31  Marine x2, Widow Mine  
  157  9:36  Marine, Liberator  
  157  9:38  Terran Infantry Weapons Level 2  
  155  9:40  Terran Infantry Armor Level 2  
  157  9:52  SCV  
  142  9:54  Marine x2  
  142  9:55  Marine x4  
  151  10:00  Marine  
  151  10:01  Marine x2  
  151  10:03  Widow Mine x2  
  154  10:12  Marine x2  
  155  10:14  Marine  
  155  10:16  Marine x3  
  155  10:18  Liberator  
  155  10:19  Starport  
  155  10:20  Marine  
  160  10:22  Marine x2  
  160  10:30  Marine x2  
  160  10:31  Widow Mine  
  160  10:32  Marine, Widow Mine  
  160  10:33  Marine  
  160  10:34  Marine x2  
  173  10:38  Marine  
  173  10:40  Marine x2  
  176  10:47  Marine  
  176  10:48  Marine  
  176  10:49  Marine  
  171  10:51  Marine x2  
  171  10:54  Liberator  
  171  10:56  Marine  
  171  10:59  Marauder  
  171  11:00  Widow Mine x2  
  159  11:04  Liberator x2  
  159  11:10  Marine x2  
  156  11:14  Marine  
  156  11:15  Marine x2  
  156  11:16  Marine x2  
  161  11:19  Unknown x4  
  161  11:22  Marine  
  161  11:23  Command Center, Unknown  
  161  11:25  Marine  
  158  11:27  Marine  
  158  11:28  Widow Mine  
  145  11:34  Marine x3  
  145  11:35  Marine  
  145  11:36  Marine x2, Widow Mine  
  145  11:37  Liberator  
  144  11:40  Marine  
  144  11:46  Marine x2  
  136  11:52  Marine x3  
  136  11:53  Marine  
  137  11:54  Marine x2  
  137  11:58  Marine, Liberator  
  140  12:01  Terran Infantry Weapons Level 3  
  140  12:02  Liberator  
  140  12:05  Terran Infantry Armor Level 3  
  140  12:06  Marine  
  140  12:07  Marine  
  142  12:09  Marine  
  142  12:11  Widow Mine  
  151  12:24  Marine  
  151  12:26  Marauder  
  151  12:29  Marine  
  138  12:30  Liberator  
  138  12:33  Widow Mine  
  138  12:35  Unknown  
  138  12:36  Marine  
  135  12:39  Marine  
  135  12:40  Widow Mine  
  138  12:47  Marauder  
  138  12:49  Marine  
  144  12:52  Liberator  
  144  12:55  Liberator  
  142  13:01  Marine x2  
  142  13:02  Widow Mine  
  146  13:08  Widow Mine  
  146  13:09  Marauder  
  146  13:11  Factory  
  156  13:13  Liberator  
  150  13:30  Marauder  
  154  13:35  Liberator, Widow Mine  
  154  13:36  Marine  
  154  13:37  Marine, Widow Mine  
  154  13:38  Liberator  
  153  13:52  Marine  
  153  13:53  Marauder, Marine  
  153  13:55  Marine  
  136  13:58  Unknown x7  
  131  14:03  Marine x2  
  131  14:07  Marine  
  131  14:14  Marauder  
  129  14:31  Marine x2  
  131  14:35  Factory Tech Lab  
Show
View Real Time Build Order
Export as new Build Order

SortOf Zerg - Winner!

Build Orders: Hatch First 

Get SALT Encoding   

  12  0:00  Drone  
  13  0:12  Overlord  
  13  0:17  Drone  
  14  0:31  Drone x2  
  16  0:35  Drone  
  17  0:54  Unknown, Hatchery  
  17  0:55  Drone  
  17  0:59  Drone  
  18  1:06  Extractor  
  17  1:14  Spawning Pool  
  17  1:16  Drone  
  17  1:20  Drone  
  18  1:28  Drone  
  19  1:39  Overlord  
  19  1:50  Drone  
  20  2:00  Queen  
  22  2:02  Zergling x2  
  22  2:05  Queen, Unknown  
  22  2:06  Zergling x2  
  22  2:08  Metabolic Boost  
  26  2:11  Zergling x2  
  27  2:17  Drone  
  27  2:21  Drone  
  29  2:29  Spore Crawler  
  28  2:30  Drone  
  29  2:37  Queen  
  29  2:42  Drone  
  29  2:43  Drone  
  32  2:48  Drone  
  32  2:49  Pneumatized Carapace  
  32  2:51  Overlord  
  34  2:54  Drone  
  35  3:02  Overlord  
  35  3:07  Zergling x2  
  35  3:10  Drone x3  
  39  3:16  Overlord  
  39  3:18  Drone  
  40  3:23  Drone x3  
  43  3:28  Drone x2  
  45  3:40  Unknown, Hatchery  
  44  3:48  Queen  
  44  3:52  Drone  
  44  3:53  Queen  
  44  3:54  Drone  
  51  3:55  Drone  
  51  3:57  Drone  
  51  4:02  Overlord  
  52  4:04  Zergling x4  
  52  4:08  Overlord  
  54  4:10  Zergling x2  
  54  4:14  Evolution Chamber  
  54  4:15  Evolution Chamber  
  53  4:20  Zergling x6  
  56  4:25  Queen  
  56  4:27  Drone  
  56  4:28  Drone  
  60  4:33  Queen  
  62  4:40  Zergling x6  
  62  4:41  Baneling Nest  
  62  4:45  Zergling x6  
  67  4:51  Unknown  
  67  4:53  Zerg Ground Armor Level 1, Zerg Melee Weapons Level 1  
  67  4:58  Spore Crawler  
  66  5:00  Spore Crawler, Drone  
  66  5:02  Drone  
  66  5:04  Drone  
  66  5:05  Drone  
  69  5:08  Drone  
  69  5:11  Drone x3  
  73  5:16  Overlord  
  73  5:18  Drone  
  72  5:28  Drone x2  
  72  5:34  Lair, Extractor  
  72  5:37  Extractor, Baneling x2  
  72  5:38  Overlord  
  72  5:39  Drone x6  
  72  5:40  Drone  
  78  5:44  Zergling x6  
  81  5:55  Overlord x3  
  81  5:59  Drone  
  81  6:00  Drone x4  
  81  6:01  Zergling x2  
  87  6:08  Zergling x4  
  89  6:16  Queen  
  91  6:18  Zergling x2  
  91  6:19  Zergling x8  
  91  6:21  Baneling x3  
  96  6:26  Extractor  
  96  6:27  Drone x2  
  96  6:28  Drone x2  
  96  6:29  Drone  
  100  6:33  Overseer, Unknown, Hatchery  
  99  6:40  Queen  
  99  6:41  Zergling x14  
  90  6:55  Zergling x14  
  90  7:05  Drone x3  
  90  7:07  Drone x2  
  90  7:09  Zerg Ground Armor Level 2, Zerg Melee Weapons Level 2  
  90  7:14  Unknown, Zergling x2, Hatchery  
  90  7:15  Zergling x6  
  92  7:18  Queen  
  93  7:26  Zergling x6  
  93  7:27  Baneling  
  93  7:28  Baneling x3  
  93  7:29  Centrifical Hooks  
  94  7:42  Drone x8  
  102  7:44  Unknown  
  102  7:49  Spore Crawler  
  102  7:51  Extractor, Zergling x14  
  107  7:52  Infestation Pit  
  107  7:56  Baneling x10  
  107  7:57  Drone x2  
  108  8:07  Overlord  
  108  8:10  Drone x3  
  108  8:11  Overlord x2  
  108  8:12  Spore Crawler  
  110  8:16  Overlord  
  110  8:25  Unknown  
  106  8:30  Zergling x24  
  106  8:32  Queen  
  113  8:36  Hive  
  113  8:37  Queen  
  113  8:38  Queen  
  116  8:41  Zergling x16  
  116  8:42  Zergling x2  
  116  8:47  Zergling x8  
  121  8:54  Queen  
  122  8:58  Baneling  
  122  8:59  Baneling x21  
  122  9:02  Zergling x6  
  125  9:09  Overlord  
  125  9:17  Zergling x28  
  127  9:41  Zergling x26  
  140  9:52  Zergling x14  
  140  9:57  Ultralisk Cavern  
  140  9:58  Zergling x8  
  142  10:00  Overseer  
  142  10:05  Overseer  
  141  10:07  Queen x2  
  141  10:09  Zergling x14  
  149  10:18  Overseer  
  149  10:19  Zergling x12  
  149  10:20  Zergling x2  
  156  10:21  Baneling x13  
  156  10:22  Baneling x15  
  156  10:26  Queen  
  156  10:27  Queen  
  154  10:31  Zergling x2  
  149  10:38  Zerg Ground Armor Level 3  
  149  10:46  Overseer  
  148  10:52  Zergling x2  
  148  10:53  Zergling x2  
  149  11:01  Queen x2  
  149  11:02  Queen  
  127  11:05  Zergling x38  
  127  11:09  Queen  
  127  11:10  Chitinous Plating  
  140  11:20  Ultralisk  
  139  11:31  Ultralisk x2  
  138  11:39  Queen x2  
  141  11:41  Zergling x14  
  140  11:57  Ultralisk  
  140  12:00  Zergling x2  
  140  12:01  Hatchery, Unknown, Overlord x2, Zergling x4  
  149  12:02  Baneling  
  149  12:03  Baneling x2  
  148  12:19  Queen  
  147  12:30  Zergling x34  
  147  12:35  Adrenal Glands  
  163  12:41  Spire  
  159  12:51  Unknown, Hatchery  
  159  12:55  Overlord  
  159  12:56  Overlord  
  158  13:06  Spore Crawler  
  158  13:09  Ultralisk, Overlord  
  158  13:10  Baneling x11  
  161  13:13  Queen  
  158  13:22  Drone x4  
  154  13:37  Baneling x4  
  154  13:38  Zergling x36  
  154  13:39  Zergling x2  
  151  13:56  Queen  
  151  14:01  Corruptor x3  
  151  14:02  Corruptor  
  152  14:03  Unknown  
  152  14:05  Zergling x16  
  148  14:31  Zergling x30  
Tags
 
Add a new tag
Caveats
  • Supply blocks, unpowered buildings, or Contaminate may cause inaccurate times.
  • Supply counts are checked every 10 seconds.